 Dungeon Crawl Stone Soup version 0.28.0-45-g0d030f2227 (webtiles) character file.

Game seed: 10063711708645864359

11683 CryoSword the Geomancer (level 11, -3/67 HPs)
             Began as a Gargoyle Earth Elementalist on Apr 14, 2022.
             Was a Priest of Elyvilon.
             Slain by a white ugly thing (21 damage)
             ... on level 11 of the Dungeon.
             The game lasted 00:17:57 (12713 turns).

CryoSword the Geomancer (GrEE)                     Turns: 12713, Time: 00:17:57

Health: -3/67      AC: 18    Str: 12    XL:     11   Next: 81%
Magic:  9/15       EV: 12    Int: 20    God:    Elyvilon [***...]
Gold:   611        SH: 13    Dex: 16    Spells: 9/16 levels left

rFire   . . .      SeeInvis .   w - +6 flail (vorpal)
rCold   . . .      Faith    .   J - +2 kite shield
rNeg    + . .      Spirit   .   F - +0 troll leather armour
rPois   ∞          Reflect  .   (no helmet)
rElec   +          Harm     .   k - +2 cloak
rCorr   +          Rampage  .   j - +2 pair of gloves
Will    .....                   (no boots)
Stlth   +++.......              (no amulet)
HPRegen 1.01/turn               o - +6 ring of dexterity
MPRegen 0.14/turn               i - ring of resist corrosion

@: no status effects
A: sickness immunity, AC +8, negative energy resistance 1, electricity
resistance, torment resistance 1, petrification resistance
a: Renounce Religion, Purification, Heal Other, Heal Self


You were on level 11 of the Dungeon.
You worshipped Elyvilon.
Elyvilon was most pleased with you.
You visited 2 branches of the dungeon, and saw 13 of its levels.

You collected 611 gold pieces.

Inventory:

Hand Weapons
 w - a +6 vorpal flail (weapon)
   (You took it off a wight on level 7 of the Dungeon)
Missiles
 c - 43 stones
 y - 7 poisoned darts
Armour
 j - a +2 pair of gloves (worn)
   (You found it on level 2 of the Dungeon)
 k - a +2 cloak (worn)
   (You found it on level 2 of the Dungeon)
 F - a +0 troll leather armour (worn)
   (You found it on level 7 of the Dungeon)
 J - a +2 kite shield (worn)
   (You took it off a gnoll sergeant on level 10 of the Dungeon)
Jewellery
 e - a ring of fire
   (You found it on level 11 of the Dungeon)
 i - a ring of resist corrosion (right hand)
   (You found it on level 2 of the Dungeon)
 o - a +6 ring of dexterity (left hand)
   (You found it on level 3 of the Dungeon)
 B - a ring of flight
   (You found it on level 6 of the Dungeon)
Wands
 p - a wand of flame (31)
   (You found it on level 3 of the Dungeon)
 s - a wand of iceblast (14)
   (You found it on level 4 of the Dungeon)
Scrolls
 a - 3 scrolls of enchant weapon
 b - a scroll of fog {unknown}
 h - 5 scrolls of teleportation {@r4}
 l - a scroll of acquirement {unknown}
 n - a scroll of enchant armour {unknown}
 q - a scroll of amnesia {unknown}
 D - 2 scrolls of magic mapping {unknown}
 G - 2 scrolls of fear {unknown}
 H - a scroll of blinking
 I - a scroll of torment {unknown}
Potions
 d - 5 potions of heal wounds {@q2}
 f - 4 potions of curing {@q1}
 m - a potion of ambrosia {unknown}
 r - 2 potions of haste {@q3}
 t - 2 potions of lignification {!q}
 u - a potion of flight {unknown}
 v - a potion of mutation {unknown}
 x - 2 potions of might
 z - a potion of cancellation {unknown}
 A - a potion of magic {unknown}
 C - a potion of brilliance
 E - 4 potions of attraction {!q}


   Skills:
 + Level 7.0 Fighting
 + Level 3.8 Maces & Flails
 + Level 1.1 Armour
 - Level 4.0 Dodging
 - Level 5.0 Stealth
 + Level 7.8 Shields
 - Level 3.0 Spellcasting
 * Level 9.9 Conjurations
 - Level 0.7 Transmutations
 * Level 11.4 Earth Magic
 + Level 5.3 Invocations


You had 9 spell levels left.
You knew the following spells:

 Your Spells              Type           Power      Damage    Failure   Level
a - Sandblast             Erth           96%        2d20      1%          1
b - Stone Arrow           Conj/Erth      90%        3d12      1%          3
A - Apportation           Tloc           6%         N/A       41%         1
P - Passwall              Tmut/Erth      22%        N/A       5%          2

Your spell library contained the following spells:

 Spells                   Type           Power      Damage    Failure   Level
 Petrify                  Tmut/Erth      27%        N/A       36%         4
 Animate Skeleton         Necr           6%         N/A       41%         1
 Pain                     Necr           12%        1d4       41%         1
 Slow                     Hex            12%        N/A       41%         1
 Summon Small Mammal      Summ           12%        N/A       41%         1
 Confusing Touch          Hex            3%         N/A       80%         3
 Portal Projectile        Hex/Tloc       6%         N/A       80%         3
 Vampiric Draining        Necr           3%         2d6       80%         3
 Blade Hands              Tmut           2%         N/A       100%        5
 Excruciating Wounds      Necr           1%         N/A       100%        5


Dungeon Overview and Level Annotations

Branches:
Dungeon (12/15)            Temple (1/1) D:5
   Lair: D:8-11         Orc: D:9-12

Altars:
Ashenzari
Cheibriados
Dithmenos
Elyvilon
Fedhas
Gozag
Hepliaklqana
Kikubaaqudgha
Makhleb
Nemelex Xobeh
Okawaru
Qazlal
Ru
Sif Muna
Trog
Uskayaw
Vehumet
Wu Jian
Xom
Yredelemnul
Zin
The Shining One


Innate Abilities, Weirdness & Mutations

You are immune to sickness and miasma.
Your stone body is resilient. (AC +8)
You are immune to poison.
You resist negative energy. (rN+)
You are resistant to electric shocks. (rElec)
You are resistant to unholy torment.
You are immune to petrification.


Message History

You closely miss something. Something hits you but does no damage.
You block something's attack.
You hit something.
Reactivating autopickup.
You feel a bit more experienced.
Items here: )) [[.
Items here: )) [[.
I - a scroll labelled NAEMIY TOAV
Items here: )) [[.
Things that are here:
a +0 mace; an orc corpse
Items here: )) [[[ †.
J - a +2 kite shield You start removing your armour.
You continue taking off your +0 buckler. x4
You finish taking off your +0 buckler.
You start putting on your armour.
You continue putting on your +2 kite shield. x5
You finish putting on your +2 kite shield.
You drop a +0 buckler.
Okay, then.
Unknown command.
Memorise Apportation, consuming 1 spell level and leaving 9?
You start memorising the spell.
You continue memorising.
You finish memorising.
Spell assigned to 'A'.
Okay, then.
You drop a +1 dagger of venom.
Adjust to which letter? (? for menu, Esc to quit)
w - a +6 vorpal flail (weapon);
D - 2 scrolls labelled IVYMIBB TOQA Could not explore, unopened door.
Could not explore, unopened door.
You open the door.
There is an open door here.
Could not explore, unopened door.
Could not explore, unopened door.
You open the door.
There is an open door here.
There is an open door here.
There is an open door here.
Could not explore, unopened door.
Could not explore, unopened door.
You open the door.
There is an open door here.
There is an open door here.
Found a stone staircase leading down.
There is a stone staircase leading down here.
Things that are here:
a +0 dagger; a +0 robe You see here a +0 club.
Could not explore, unopened door.
As you open the door, it creaks loudly!
There is an open door here.
Key pressed, stopping explore.
There is an open door here.
Found a dagger.
Done exploring.
Done exploring.
Done exploring.
Done exploring.
There is an escape hatch in the floor here.
There is an open door here.
You see here a +0 war axe.
There is a stone staircase leading down here.
You climb downwards.
Found 19 gold pieces.
There is a stone staircase leading up here.
You now have 576 gold pieces (gained 19).
There is an open door here.
A centaur warrior zombie comes into view.
A centaur warrior zombie is nearby!
A centaur warrior zombie is nearby!
A centaur warrior zombie is nearby!
Found 19 gold pieces.
The centaur warrior zombie hits you but does no damage.
The centaur warrior zombie kicks you but does no damage.
You block the centaur warrior zombie's attack.
The centaur warrior zombie kicks you.
You hit the centaur warrior zombie but do no damage.
The centaur warrior zombie misses you.
The centaur warrior zombie closely misses you.
You block the centaur warrior zombie's attack. x2
You sock the centaur warrior zombie!
You block the centaur warrior zombie's attack. x2
Aim: a centaur warrior zombie (lightly damaged, 98% to hit)
The blast of sand hits the centaur warrior zombie!
The centaur warrior zombie hits you but does no damage.
The centaur warrior zombie kicks you but does no damage.
You block the centaur warrior zombie's attack.
The centaur warrior zombie closely misses you.
Aim: a centaur warrior zombie (moderately damaged, 98% to hit)
The blast of sand hits the centaur warrior zombie.
You block the centaur warrior zombie's attack.
The centaur warrior zombie kicks you.
Aim: a centaur warrior zombie (heavily damaged, 98% to hit)
The stone arrow hits the centaur warrior zombie!
The centaur warrior zombie hits you!
The centaur warrior zombie kicks you but does no damage.
Aim: a centaur warrior zombie (heavily damaged, 98% to hit)
The stone arrow hits the centaur warrior zombie!!
The centaur warrior zombie hits you but does no damage.
You block the centaur warrior zombie's attack.
Aim: a centaur warrior zombie (severely damaged, 98% to hit)
The stone arrow hits the centaur warrior zombie!!
You destroy the centaur warrior zombie!
Your Fighting skill increases to level 7!
You now have 595 gold pieces (gained 19).
Could not explore, unopened door.
Could not explore, unopened door.
Could not explore, unopened door.
You open the door.
There is an open door here.
You now have 611 gold pieces (gained 16).
e - a ring of fire
Found 21 arrows.
There is a strange disturbance nearby!
There is a strange disturbance nearby!
There is a strange disturbance nearby!
There is a strange disturbance nearby!
No target in view!
The white ugly thing gurgles horribly!
Aim: a white ugly thing (76% to hit)
Okay, then.
Aim: a white ugly thing (83% to hit)
The blast of sand hits the white ugly thing!!
The white ugly thing engulfs you but does no damage.
Aim: a white ugly thing (heavily wounded, 83% to hit)
The blast of sand hits the white ugly thing.
The white ugly thing barely misses you.
Aim: a white ugly thing (heavily wounded, 83% to hit)
The blast of sand hits the white ugly thing!
The white ugly thing engulfs you! The white ugly thing freezes you!!
* * * LOW HITPOINT WARNING * * *
Aim: a white ugly thing (severely wounded, 83% to hit)
The blast of sand hits the white ugly thing.
The white ugly thing engulfs you but does no damage.
Aim: a white ugly thing (severely wounded, 83% to hit)
The blast of sand hits the white ugly thing.
The white ugly thing engulfs you!
* * * LOW HITPOINT WARNING * * *
The white ugly thing freezes you!!
* * * LOW HITPOINT WARNING * * *
An ogre zombie comes into view.
The white ugly thing engulfs you.
* * * LOW HITPOINT WARNING * * *
The white ugly thing freezes you!! Elyvilon protects you from harm!
You are healed.
The white ugly thing engulfs you.
* * * LOW HITPOINT WARNING * * *
The white ugly thing freezes you!!
You die...

## ##.# .# # ..#
##Z# .# #......
##..# ..# #####
#.### ...#
##########
#####u###....#
##..##...#
#...@.........
##..##...#
#......###...
....##...####...#..#
..........>.....#..#
................#..#
###.............#..#
# #.............#..#
. #
#.............#..#
.. #
#.............#..#
...


You could see a white ugly thing.

Vanquished Creatures
  3 two-headed ogres
  A cyclops (D:11)
  An ugly thing (D:11)
  4 centaur zombies
  Maggie (D:6)
  An unseen horror (D:10)
  3 trolls
  Grinder (D:3)
  Prince Ribbit (D:7)
  Sigmund (D:5)
  A shadow (D:9)
  A yak (D:10)
  3 wraiths (D:10)
  2 vampires
  2 wyverns
  3 steam dragons (D:8)
  A vampire mosquito (D:10)
  Edmund (D:6)
  An acid dragon (D:11)
  2 water moccasins (D:7)
  An ice beast (D:7)
  2 orc warriors
  3 ogres
  2 necrophages
  3 sky beasts (D:8)
  3 centaurs
  4 bullfrogs
  A scorpion (D:6)
  2 gnoll sergeants
  A wyvern skeleton (D:6)
  10 wights
  An electric eel (D:10)
  A howler monkey (D:5)
  A bullfrog zombie (D:5)
  3 orc priests
  2 bullfrog skeletons (D:6)
  6 jellies
  2 hounds (D:6)
  5 iguanas (D:6)
  7 orc wizards
  A scorpion zombie (D:5)
  A statue (D:11)
  A killer bee zombie (D:7)
  An ogre zombie (D:11)
  A hound zombie (D:5)
  3 hound skeletons
  2 howler monkey zombies
  A howler monkey skeleton (D:5)
  10 adders
  5 gnolls (D:7)
  An ufetubus (D:5)
  2 worms (D:2)
  3 dart slugs
  20 orcs
  A ball python (D:2)
  3 bats
  10 endoplasms
  A giant cockroach (D:1)
  7 goblins
  8 hobgoblins
  3 quokkas
  2 frilled lizards (D:1)
  A goblin zombie (D:11)
  2 hobgoblin zombies (D:11)
  5 kobolds
  An orc zombie (D:11)
  5 rats
195 creatures vanquished.

Notes
Turn   | Place    | Note
-------+----------+-------------------------------------------
     0 | D:1      | CryoSword the Gargoyle Earth Elementalist began the quest
                  | for the Orb.
     0 | D:1      | Reached XP level 1. HP: 10/10 MP: 3/3
    89 | D:1      | Reached XP level 2. HP: 12/16 MP: 1/5
   436 | D:1      | Reached skill level 1 in Conjurations
   690 | D:1      | Found a faded altar of an unknown god.
   725 | D:1      | Reached skill level 4 in Earth Magic
   928 | D:2      | Reached XP level 3. HP: 19/20 MP: 6/6
   955 | D:1      | Reached skill level 1 in Fighting
   960 | D:1      | Learned a level 2 spell: Passwall
   964 | D:1      | Learned a level 3 spell: Stone Arrow
  1664 | D:2      | Reached XP level 4. HP: 25/25 MP: 5/7
  1964 | D:2      | Reached skill level 1 in Shields
  2227 | D:3      | Found a stormy altar of Qazlal.
  2673 | D:3      | Reached XP level 5. HP: 29/29 MP: 8/8
  2785 | D:3      | Noticed Grinder
  2794 | D:3      | Paralysed by Grinder for 2 turns
  2810 | D:3      | Killed Grinder
  2811 | D:3      | Reached skill level 5 in Earth Magic
  2811 | D:3      | Reached XP level 6. HP: 31/35 MP: 1/9
  3167 | D:4      | Reached XP level 7. HP: 37/40 MP: 8/11
  3395 | D:4      | Found a shimmering blue altar of Sif Muna.
  3576 | D:4      | Found a hazy altar of Hepliaklqana.
  3669 | D:4      | Found a burning altar of Makhleb.
  4159 | D:5      | Entered Level 5 of the Dungeon
  4161 | D:5      | Identified the +4 robe "Quonim" {Dex+6}
  4193 | D:5      | Found a bloodstained altar of Trog.
  4205 | D:5      | Noticed Sigmund
  4224 | D:5      | Killed Sigmund
  4225 | D:5      | Reached skill level 6 in Earth Magic
  4474 | D:5      | Reached XP level 8. HP: 45/45 MP: 9/12
  4505 | D:5      | Found a staircase to the Ecumenical Temple.
  4516 | Temple   | Entered the Ecumenical Temple
  4775 | Temple   | Became a worshipper of the Shining One
  4894 | D:5      | Found a blossoming altar of Fedhas.
  5344 | D:6      | Noticed Edmund
  5349 | D:6      | Killed Edmund
  5350 | D:6      | Reached skill level 5 in Conjurations
  5450 | D:6      | Reached skill level 7 in Earth Magic
  5586 | D:6      | Noticed Maggie
  5610 | D:5      | Reached * piety under the Shining One
  5611 | D:5      | Reached skill level 5 in Shields
  5786 | D:6      | Killed Maggie
  5787 | D:6      | Reached skill level 5 in Stealth
  5787 | D:6      | Reached XP level 9. HP: 25/52 MP: 1/13
  6012 | D:6      | Found a glowing silver altar of Zin.
  6199 | D:6      | Found a snail-covered altar of Cheibriados.
  6241 | D:6      | Reached skill level 1 in Invocations
  6650 | D:7      | Reached skill level 8 in Earth Magic
  6660 | D:7      | Noticed Prince Ribbit
  6663 | D:7      | Killed Prince Ribbit
  6944 | D:7      | Noticed a troll
  6952 | D:7      | Killed a troll
  7441 | D:7      | Reached skill level 5 in Fighting
  7891 | D:8      | Reached skill level 9 in Earth Magic
  7891 | D:8      | Reached XP level 10. HP: 50/59 MP: 14/14
  7905 | D:8      | Reached ** piety under the Shining One
  8233 | D:8      | Reached skill level 1 in Maces & Flails
  8692 | D:9      | Noticed a two-headed ogre
  8697 | D:9      | Killed a two-headed ogre
  9036 | D:9      | Found an iron altar of Okawaru.
  9051 | D:9      | Reached skill level 10 in Earth Magic
  9295 | D:9      | Found a shadowy altar of Dithmenos.
  9680 | D:9      | Found an ancient bone altar of Kikubaaqudgha.
  9681 | D:9      | Found a white marble altar of Elyvilon.
  9681 | D:9      | Found an opulent altar of Gozag.
  9856 | D:9      | Fell from the grace of the Shining One
  9856 | D:9      | Became a worshipper of Elyvilon the Healer
  9878 | D:10     | Entered Level 10 of the Dungeon
  9878 | D:10     | Reached * piety under Elyvilon
  9883 | D:10     | Reached XP level 11. HP: 64/64 MP: 8/15
 10171 | D:10     | Noticed a two-headed ogre
 10176 | D:10     | Killed a two-headed ogre
 10296 | D:10     | Noticed a two-headed ogre
 10304 | D:10     | Killed a two-headed ogre
 10747 | D:10     | Reached ** piety under Elyvilon
 10893 | D:10     | You fall into a shaft and drop 2 floors!
 10893 | D:12     | Noticed a boulder beetle
 10898 | D:12     | Pacified a boulder beetle
 10899 | D:12     | Reached skill level 11 in Earth Magic
 10991 | D:11     | Noticed a white ugly thing
 11012 | D:11     | Noticed a cyan ugly thing
 11026 | D:11     | Killed a cyan ugly thing
 11121 | D:11     | Noticed a cyclops
 11135 | D:11     | Killed a cyclops
 11136 | D:11     | Reached skill level 5 in Invocations
 11435 | D:11     | Found a radiant altar of Vehumet.
 11616 | D:10     | Reached *** piety under Elyvilon
 11945 | D:10     | Reached skill level 1 in Armour
 11976 | D:10     | Learned a level 1 spell: Apportation
 12709 | D:11     | HP: 2/67 [white ugly thing (24)]
 12711 | D:11     | Elyvilon protects you from harm!
 12713 | D:11     | Slain by a white ugly thing

Illustrated notes

Levels and vault maps discovered:
D:1:      heliophobic_arrival_henge, layout_loops_ring,
          hellmonk_ecumenical_altar_blasted, serial_bayou_pond_d
D:2:      layout_rooms
D:3:      layout_basic, general_overflow_altar, uniq_grinder
D:4:      layout_basic, mainiacjoe_overflow_catwalk, kennysheep_orc_sif_temple,
          lemuel_crystal_altar, hangedman_decor_clover_reticule
D:5:      layout_rooms, mainiacjoe_overflow_alcove_4, trog_three_pillars_becter,
          minmay_temple_entry_stoned_glass, small_statue_intersection,
          amcnicky_mini_pool_small, uniq_sigmund
D:6:      layout_rooms, mainiacjoe_overflow_alcove_2,
          mainiacjoe_overflow_brackets, minmay_circle_x, uniq_maggie,
          uniq_edmund
D:7:      layout_basic, uniq_prince_ribbit1
D:8:      layout_loops_cross, small_statue_intersection, hangedman_misty_isle
D:9:      layout_stronghold, marbit_many_paths, kennysheep_okawaru_gauntlet,
          minitemple
D:10:     wad_river_or_something, layout_stronghold,
          nicolae_concentric_dashed_squares_wild
D:11:     layout_long_grid, lair_entry_dummy, zombieorc1_lemuel, nrook_uturn,
          vehumet_statue
D:12:     layout_loops_cross, due_unseen_surprise
Temple:   jpeg_temple_island

Skill      XL: |  1  2  3  4  5  6  7  8  9 10 11 |
---------------+----------------------------------+-----
Conjurations   | 1 2 3 4 5 7 8 9 |  9.9
Earth Magic    | 4 5 6 7 9 10 11 | 11.4
Fighting       | 1 2 4 5 6 7 |  7.0
Dodging        | 2 3 4 |  4.0
Shields        | 1 2 3 5 6 7 |  7.8
Stealth        | 3 4 5 |  5.0
Spellcasting   | 3 |  3.0
Invocations    | 2 4 5 |  5.3
Maces & Flails | 2 3 |  3.8
Armour         | 1 |  1.1
Transmutations | |  0.7

Action                   |  1- 3 |  4- 6 |  7- 9 | 10-12 || total
-------------------------+-------+-------+-------+-------++-------
Melee: Club              |    22 |       |       |       ||    22
       Unarmed           |     1 |       |       |       ||     1
       Dagger            |    50 |    81 |   272 |     3 ||   406
       Short sword       |     2 |       |       |       ||     2
       Flail             |       |       |    10 |   148 ||   158
 Cast: Sandblast         |    21 |    20 |    46 |    47 ||   134
       Stone Arrow       |       |       |    23 |    66 ||    89
Invok: Divine Shield     |       |       |     2 |       ||     2
       Heal Other        |       |       |       |     2 ||     2
       Heal Self         |       |       |       |     1 ||     1
  Use: Scroll            |       |       |       |    13 ||    13
 Stab: Sleeping          |     1 |     1 |     2 |       ||     4
Armor: Robe              |    23 |    35 |   123 |       ||   181
       Troll leather arm |       |       |    37 |   162 ||   199
Dodge: Dodged            |    58 |    50 |   176 |   144 ||   428
Block: Buckler           |     2 |    16 |   121 |    63 ||   202
       Kite shield       |       |       |       |     8 ||     8
